 Dungeon Crawl Stone Soup version 0.18.1-6-gd335043 (webtiles) character file.

2366 mistymad the Fighter (level 9, -6/83 HPs)
             Began as a Minotaur Berserker on May 15, 2016.
             Was an Elder of Trog.
             Killed by nerve-wracking pain
             ... invoked by Grinder
              (9 damage)
             ... while paralysed by Grinder
             ... on level 6 of the Dungeon.
             The game lasted 00:43:43 (5495 turns).

mistymad the Fighter (Minotaur Berserker)           Turns: 5495, Time: 00:43:44

Health: -6/83      AC: 12    Str: 24    XL:     9   Next: 21%
Magic:  8/8        EV:  2    Int:  4    God:    Trog [****..]
Gold:   290        SH:  0    Dex: 11    Spells: 0 memorised, 8 levels left

rFire  . . .     SeeInvis .     x - +2 war axe (flame)
rCold  . . .     Gourm    .     F - +1 scale mail {rPois}
rNeg   . . .     Faith    .     (no shield)
rPois  +         Spirit   .     (helmet restricted)
rElec  .         Dismiss  .     E - +0 cloak
rCorr  .         Reflect  .     (no gloves)
SustAt .         Harm     .     (no boots)
MR     .....                    (no amulet)
Stlth  ..........               (no ring)
                                v - +2 ring of protection

@: paralysed, not resistant to hostile enchantments, extremely unstealthy
A: retaliatory headbutt, horns 2
a: Berserk, Trog's Hand, Brothers in Arms, Burn Spellbooks, Renounce Religion


You were on level 6 of the Dungeon.
You worshipped Trog.
Trog was greatly pleased with you.
You were hungry.

You visited 1 branch of the dungeon, and saw 6 of its levels.
You also visited: Ossuary.

You collected 290 gold pieces.

Inventory:

Hand Weapons
 x - a +2 war axe of flaming (weapon)
Armour
 E - a +0 cloak (worn)
 F - a +1 scale mail of poison resistance (worn)
Jewellery
 q - an uncursed ring of fire
 v - a +2 ring of protection (left hand)
Wands
 f - a wand of flame (48/48)
Scrolls
 d - 6 scrolls of identify
 e - 2 scrolls of teleportation
 k - 2 scrolls of immolation {unknown}
 m - 4 scrolls of enchant armour {unknown}
 n - 8 scrolls of remove curse
 p - 2 scrolls of blinking {unknown}
 s - a scroll of fog {unknown}
 u - 4 scrolls of recharging
 w - a scroll of noise {unknown}
 y - 2 scrolls of enchant weapon {unknown}
 z - 2 scrolls of magic mapping {unknown}
Potions
 a - 2 potions of heal wounds {unknown}
 b - a potion of flight {unknown}
 g - a potion of brilliance {unknown}
 h - 2 potions of degeneration {unknown}
 j - 6 potions of curing
 o - a potion of might {unknown}
 r - a potion of ambrosia {unknown}
 A - a potion of lignification {unknown}
 B - a potion of beneficial mutation {unknown}
 G - 3 potions of resistance {unknown}
 H - a potion of cancellation {unknown}
Books
 t - a book of Summonings

   Spells                             Type                      Level
   a - Recall                         Summoning/Translocation      3
   b - Aura of Abjuration             Summoning                    5
   c - Summon Demon                   Summoning                    5
   d - Summon Forest                  Summoning/Translocation      5
   e - Summon Mana Viper              Hexes/Summoning              5
   f - Shadow Creatures               Summoning                    6
   Trog disapproves of the use of such an item.
 C - a book of Debilitation

   Spells                             Type                      Level
   a - Corona                         Hexes                        1
   b - Slow                           Hexes                        2
   c - Gell's Gravitas                Hexes/Translocation          3
   d - Inner Flame                    Hexes/Fire                   3
   e - Cause Fear                     Hexes                        4
   f - Leda's Liquefaction            Hexes/Earth                  4
   Trog disapproves of the use of such an item.
Comestibles
 c - 4 bread rations
 l - 2 beef jerkies
 D - a meat ration


   Skills:
 + Level 9.3 Fighting
 * Level 9.2 Axes
 + Level 7.3 Armour
 + Level 5.1 Dodging


You had 8 spell levels left.
You didn't know any spells.

Dungeon Overview and Level Annotations

Branches:
Dungeon (6/15)
 Temple: D:4-7

Altars:
Ashenzari
Gozag
Ru
Trog
Xom

Annotations:
D:6 Grinder


Innate Abilities, Weirdness & Mutations

You reflexively headbutt those who attack you in melee.
You have a pair of horns on your head.


Message History

Grinder gestures at you.
You suddenly lose the ability to move!
The sky beast hits you but does no damage.
Grinder hits you.
* * * LOW HITPOINT WARNING * * *
You writhe in agony.
* * * LOW HITPOINT WARNING * * *
The sky beast hits you.
* * * LOW HITPOINT WARNING * * *
The sky beast shocks you.
* * * LOW HITPOINT WARNING * * *
Grinder hits you.
* * * LOW HITPOINT WARNING * * *
You writhe in agony. x2
The sky beast hits you but does no damage.
Grinder hits you but does no damage.
The sky beast hits you but does no damage.
Grinder gestures at you. Pain shoots through your body!
You die...

### #.#######..........
#.......#..........
#.#####.#..........
#####.#.###.#..........
#.........#.#..........
#.###.#.#.#.#.<........
#.# #.#...#.#..........
#.# #.#####.#..@>......
#.# #.#.....#..5Y......
##.#
#.#.####...........
...# #.#.# #...†#######
######.#.# #....#
.......#.# #....#
########.# #....#
....##.#.# #....#
###......#
#....##########


You could see Grinder and a sky beast.

Vanquished Creatures
  The ghost of WildSam the Sneak, a novice OpMo of Trog (D:6)
  Sigmund (D:4)
  Eustachio (D:6)
  A hungry ghost (D:6)
  An ogre (D:4)
  A wyvern zombie (Ossuary)
  2 scorpions
  9 bog bodies (Ossuary)
  2 crimson imps (D:5)
  A giant frog zombie (Ossuary)
  A giant frog skeleton (D:5)
  3 hounds (D:4)
  A jelly (D:5)
  An orc priest (D:3)
  3 orc wizards
  4 iguanas
  2 worker ants (D:6)
  2 killer bee zombies (Ossuary)
  A hound zombie (Ossuary)
  11 mummies (Ossuary)
  A howler monkey zombie (Ossuary)
  2 worker ant zombies (Ossuary)
  9 gnolls (D:4)
  6 adders
  3 worms
  6 dart slugs
  20 orcs
  9 bats
  5 giant cockroaches
  7 goblins
  6 hobgoblins
  10 kobolds
  3 ball pythons
  2 giant cockroach zombies (Ossuary)
  2 giant gecko skeletons (D:4)
  3 giant newts
  A jackal zombie (Ossuary)
  A quokka skeleton (D:6)
  2 quokka zombies
  7 rats
  A bush (D:4)
155 creatures vanquished.

Vanquished Creatures (others)
  2 withered plants (Ossuary)
2 creatures vanquished.

Grand Total: 157 creatures vanquished

Notes
Turn   | Place    | Note
--------------------------------------------------------------
     0 | D:1      | mistymad the Minotaur Berserker began the quest for the Orb.
     0 | D:1      | Reached XP level 1. HP: 19/19 MP: 0/0
   482 | D:1      | Reached XP level 2. HP: 27/27 MP: 1/1
  1305 | D:2      | Reached XP level 3. HP: 29/33 MP: 2/2
  1781 | D:2      | Reached ** piety under Trog
  2196 | D:3      | Reached XP level 4. HP: 41/41 MP: 3/3
  2299 | D:3      | Found a bloodstained altar of Trog.
  2312 | D:3      | Reached skill level 5 in Fighting
  2333 | D:3      | Noticed a hungry ghost
  2601 | D:3      | Reached skill level 5 in Axes
  2601 | D:3      | Reached XP level 5. HP: 43/50 MP: 4/4
  2661 | D:3      | Reached *** piety under Trog
  2933 | D:4      | Reached XP level 6. HP: 58/58 MP: 5/5
  3109 | D:4      | Found a sacrificial altar of Ru.
  3319 | D:4      | Reached XP level 7. HP: 66/66 MP: 6/6
  3637 | D:4      | Noticed Sigmund
  3651 | D:4      | Killed Sigmund
  3651 | D:4      | Reached skill level 5 in Armour
  3840 | D:5      | Entered Level 5 of the Dungeon
  4042 | D:5      | Reached **** piety under Trog
  4213 | D:5      | Found a shimmering altar of Xom.
  4349 | D:5      | Reached XP level 8. HP: 73/75 MP: 7/7
  4604 | D:6      | Found a sand-covered staircase.
  4623 | Ossuary  | Entered an ossuary
  4966 | D:6      | Found a shattered altar of Ashenzari.
  4968 | D:6      | Found an opulent altar of Gozag.
  4973 | D:6      | Noticed Eustachio
  5012 | D:6      | Killed Eustachio
  5275 | D:6      | Noticed WildSam's ghost (novice OpMo)
  5285 | D:6      | Killed WildSam's ghost
  5285 | D:6      | Reached skill level 5 in Dodging
  5285 | D:6      | Reached XP level 9. HP: 83/83 MP: 8/8
  5464 | D:6      | Noticed Grinder
  5473 | D:6      | Paralysed by Grinder for 4 turns
  5491 | D:6      | Paralysed by Grinder for 7 turns
  5492 | D:6      | HP: 3/83 [sky beast (6)]
  5495 | D:6      | Killed from afar by Grinder

Skill      XL: |  1  2  3  4  5  6  7  8 |
---------------+-------------------------+-----
Axes           | 4 5 6 9 |  9.2
Fighting       | 4 5 6 7 8 9 |  9.3
Armour         | 3 4 5 7 |  7.3
Dodging        | 3 5 |  5.1

Action                   |  1- 3 |  4- 6 |  7- 9 || total
-------------------------+-------+-------+-------++-------
Melee: Hand axe          |    80 |     9 |       ||    89
       Headbutt          |     8 |    24 |    37 ||    69
       War axe           |       |    76 |   195 ||   271
Invok: Berserk           |     2 |     2 |     4 ||     8
       Trog's Hand       |       |       |     3 ||     3
  Use: Scroll            |       |       |     6 ||     6
  Eat: Chunk             |     6 |     6 |     6 ||    18
       Meat ration       |       |       |     1 ||     1
       Pizza             |       |       |     1 ||     1
       Royal jelly       |       |       |     1 ||     1
Armor: Animal skin       |    13 |       |       ||    13
       Scale mail        |    12 |     7 |    90 ||   109
       Chain mail        |       |    15 |    36 ||    51
Dodge: Dodged            |    63 |    36 |   130 ||   229
